 Dungeon Crawl Stone Soup version 0.23-a0-582-g1b4a0ca (webtiles) character file.

781 Larett the Cleaver (level 7, 0/85 HPs)
             Began as a Minotaur Berserker on Dec 16, 2018.
             Was a Believer of Trog.
             Succumbed to Duvessa's poison
             ... on level 4 of the Dungeon.
             The game lasted 00:06:39 (2721 turns).

Larett the Cleaver (Minotaur Berserker)             Turns: 2721, Time: 00:06:40

Health: 0/85       AC: 10    Str: 26    XL:     7   Next: 55%
Magic:  6/6        EV: 11    Int:  4    God:    Trog [**....]
Gold:   195        SH:  0    Dex: 12    Spells: 6/6 levels left

rFire    . . .     SeeInvis .   a - +1 hand axe
rCold    . . .     Gourm    .   (no shield)
rNeg     . . .     Faith    .   j - +1 scale mail
rPois    .         Spirit   .   (helmet restricted)
rElec    .         Reflect  .   Z - scarf {cloud immunity}
rCorr    .         Harm     .   (no gloves)
MR       .....                  (no boots)
Stlth    ..........             (no amulet)
HPRegen  0.24/turn              X - +3 ring of protection
MPRegen  0.10/turn              (no ring)

@: berserking, lethally poisoned (0 -> -38), very quick
A: retaliatory headbutt, horns 2
a: Berserk, Trog's Hand, Renounce Religion


You were on level 4 of the Dungeon.
You worshipped Trog.
Trog was pleased with you.
You were very hungry.

You visited 1 branch of the dungeon, and saw 4 of its levels.

You collected 195 gold pieces.

Inventory:

Hand Weapons
 a - a +1 hand axe (weapon)
 O - a +0 war axe
Missiles
 e - 115 stones (quivered)
 o - 27 sling bullets
 Q - 4 tomahawks
 V - 8 curare-tipped needles
 W - 32 arrows
Armour
 j - a +1 scale mail (worn)
 K - a +2 robe of cold resistance
 Z - a scarf of cloud immunity (worn)
Jewellery
 X - a +3 ring of protection (left hand)
Wands
 S - a wand of scattershot (4)
Scrolls
 g - 3 scrolls of fog
 P - 2 scrolls of enchant armour
 R - 2 scrolls of identify
 T - 4 scrolls of teleportation
Potions
 i - a potion of lignification {!q}
 n - 2 potions of invisibility {unknown}
 p - 4 potions of flight
 N - a potion of degeneration {unknown}
 U - a potion of heal wounds {unknown}
Comestibles
 c - 10 rations
 Y - 9 chunks of flesh


   Skills:
 - Level 3.6 Fighting
 + Level 10.7 Axes
 - Level 2.4 Armour
 - Level 2.1 Dodging


You had 6 spell levels left.
You didn't know any spells.
Your spell library was empty.

Dungeon Overview and Level Annotations

Branches:
Dungeon (4/15)
 Temple: D:4-7

Altars:


Innate Abilities, Weirdness & Mutations

You reflexively headbutt those who attack you in melee.
You have a pair of horns on your head.


Message History

Duvessa hits you with a +4 rapier of venom!
* * * LOW HITPOINT WARNING * * *
You are more poisoned.
You closely miss the ogre.
The ogre is severely wounded.
You slash Duvessa!
You kill Duvessa!
Trog accepts your kill.
Your Axes skill increases to level 10!
* * * LOW HITPOINT WARNING * * *
You feel sick.
Unknown command.
You hit the ogre. You headbutt the ogre.
You kill the ogre!
Trog accepts your kill.
* * * LOW HITPOINT WARNING * * *
You feel sick.
Unknown command.
You are too berserk!
You die...

.#..............# ##
.###..##..###..####.#
####..##..###..##...#
....................#
....................#
####..##..#######..##
# #########[..##..##
........#...#
..[...).@...#
..##..)##'###
######..## #....#
#....# #....# ##...#
#...# ...>#


There were no monsters in sight!

Vanquished Creatures
  Sigmund (D:2)
  Duvessa (D:4)
  A black bear (D:3)
  An ogre (D:4)
  Blork the orc (D:4)
  Dowan (D:4)
  A howler monkey (D:4)
  2 orc priests
  An orc wizard (D:3)
  2 adders
  An ooze (D:1)
  3 worms (D:2)
  A leopard gecko (D:2)
  9 orcs
  4 bats
  3 giant cockroaches
  5 hobgoblins
  6 jackals (D:2)
  9 kobolds
  3 quokkas
  3 frilled lizards
  4 goblins
  19 rats
82 creatures vanquished.

Notes
Turn   | Place    | Note
-------+----------+-------------------------------------------
     0 | D:1      | Larett the Minotaur Berserker began the quest for the Orb.
     0 | D:1      | Reached XP level 1. HP: 19/19 MP: 0/0
    17 | D:1      | Reached skill level 4 in Axes
    22 | D:1      | Reached XP level 2. HP: 11/26 MP: 1/1
   762 | D:2      | Reached skill level 5 in Axes
   779 | D:2      | Reached XP level 3. HP: 25/31 MP: 2/2
   848 | D:2      | Reached ** piety under Trog
   991 | D:2      | Noticed Sigmund
  1001 | D:2      | Killed Sigmund
  1001 | D:2      | Reached skill level 7 in Axes
  1001 | D:2      | Reached XP level 4. HP: 34/39 MP: 3/3
  1001 | D:2      | Reached XP level 5. HP: 40/45 MP: 4/4
  1582 | D:3      | Reached skill level 8 in Axes
  1818 | D:3      | Reached XP level 6. HP: 47/51 MP: 5/5
  2242 | D:3      | Reached skill level 9 in Axes
  2542 | D:4      | Noticed Blork the orc
  2552 | D:4      | Killed Blork the orc
  2665 | D:4      | Reached XP level 7. HP: 51/57 MP: 6/6
  2704 | D:4      | Noticed Duvessa
  2704 | D:4      | Noticed Dowan
  2712 | D:4      | Killed Dowan
  2718 | D:4      | HP: 6/85 [Duvessa/+4 rapier of venom (8)]
  2719 | D:4      | Killed Duvessa
  2719 | D:4      | Reached skill level 10 in Axes
  2720 | D:4      | HP: 2/85 [poisoned by Duvessa]
  2721 | D:4      | Succumbed to Duvessa's poison

Vault maps used:
D:1:      erik_arrival_orb_chamber, minivault_11
D:2:      minmay_kobold_bridge, uniq_sigmund
D:4:      nicolae_ru_awakened_eye, uniq_duvessa, uniq_crazy_yiuf_cottage,
          uniq_blork_the_orc, uniq_menkaure

Skill      XL: |  1  2  3  4  5  6  7 |
---------------+----------------------+-----
Axes           | 4 5 7 8 9 10 | 10.7
Fighting       | |  3.6
Armour         | |  2.4
Dodging        | |  2.1

Action                   |  1- 3 |  4- 6 |  7- 9 || total
-------------------------+-------+-------+-------++-------
Melee: Hand axe          |    82 |    92 |    13 ||   187
       Headbutt          |    12 |    10 |     5 ||    27
Invok: Trog's Hand       |     1 |     1 |       ||     2
       Berserk           |       |     1 |     1 ||     2
  Use: Scroll            |     6 |     7 |       ||    13
  Eat: Chunk             |       |     7 |       ||     7
Armor: Animal skin       |     4 |       |       ||     4
       Scale mail        |    26 |    33 |     3 ||    62
Dodge: Dodged            |    37 |    32 |     5 ||    74

Table legend:
 A = Non-vault XP
 B = Vault XP
 C = Vault XP percentage of total XP
 D = Non-vault monster count
 E = Vault monster count
 F = Vault count percentage of total count
                 A         B        C        D         E       F
            +---------+---------+-------+---------+---------+-------
      Total |     552 |     565 |  50.6 |      61 |      21 |  25.6
            +---------+---------+-------+---------+---------+-------
        D:1 |      17 |      12 |  41.4 |       7 |      12 |  63.2
        D:2 |      60 |     228 |  79.2 |      23 |       6 |  20.7
        D:3 |     255 |       0 |   0.0 |      23 |       0 |   0.0
        D:4 |     220 |     325 |  59.6 |       8 |       3 |  27.3
            +---------+---------+-------+---------+---------+-------
